 Dungeon Crawl Stone Soup version 0.27.1 (webtiles) character file.

Game seed: 5110826032715966000

373 BOMJPIETVODKU the Chiller (level 6, 0/47 HPs)
             Began as a Draconian Ice Elementalist on Aug 26, 2021.
             Slain by a phantom (6 damage)
             ... on level 3 of the Dungeon.
             The game lasted 00:16:17 (5135 turns).

BOMJPIETVODKU the Chiller (DrIE)                    Turns: 5135, Time: 00:16:18

Health: 0/47       AC:  7    Str: 15    XL:     6   Next: 43%
Magic:  13/13      EV: 12    Int: 17    God:
Gold:   146        SH:  0    Dex: 11    Spells: 8/15 levels left

rFire    . . .     SeeInvis .   d - +0 dagger
rCold    . . .     Faith    .   (no shield)
rNeg     . . .     Spirit   .   (armour unavailable)
rPois    .         Reflect  .   (helmet restricted)
rElec    .         Harm     .   (no cloak)
rCorr    .         Rampage  .   (no gloves)
Will     .....                  i - +0 pair of boots
Stlth    ++........             (no amulet)
HPRegen  0.15/turn              k - +6 ring of strength
MPRegen  0.13/turn              l - ring of wizardry

@: no status effects
A: AC +6, unfitting armour, cold-blooded, weak 1, MP-powered wands
a: no special abilities


You were on level 3 of the Dungeon.
You visited 1 branch of the dungeon, and saw 4 of its levels.

You collected 146 gold pieces.

Inventory:

Hand Weapons
 c - a +0 club
 d - a +0 dagger (weapon)
Armour
 i - a +0 pair of boots (worn)
Jewellery
 a - a ring of fire
 f - a ring of ice
 k - a +6 ring of strength (left hand)
 l - a ring of wizardry (right hand)
Scrolls
 h - a scroll of identify
Potions
 b - a potion of brilliance


   Skills:
 + Level 1.0 Fighting
 - Level 0.6 Maces & Flails
 - Level 1.8 Dodging
 - Level 1.7 Stealth
 * Level 5.2 Spellcasting
 + Level 5.4 Ice Magic


You had 8 spell levels left.
You knew the following spells:

 Your Spells              Type           Power      Damage    Failure   Level
a - Freeze                Ice            88%        1d10      1%          1
b - Ozocubu's Armour      Ice            22%        N/A       1%          3
c - Frozen Ramparts       Ice            44%        1d6       1%          3

Your spell library contained the following spells:

 Spells                   Type           Power      Damage    Failure   Level
 Foxfire                  Conj/Fire      16%        2x1d4     6%          1
 Conjure Flame            Conj/Fire      4%         6-21      16%         3
 Ignite Poison            Fire/Tmut/Pois 4%         N/A       16%         3
 Inner Flame              Hex/Fire       4%         N/A       16%         3
 Hailstorm                Conj/Ice       13%        3d5       17%         4
 Sticky Flame             Conj/Fire      4%         2d3       45%         4


Dungeon Overview and Level Annotations

Branches:
Dungeon (4/15)
 Temple: D:4-7

Altars:
Hepliaklqana
Nemelex Xobeh
Okawaru
Vehumet

Shops:
D:3 (


Innate Abilities, Weirdness & Mutations

Your plain brown scales are hard. (AC +6)
You cannot fit into any form of body armour.
You are cold-blooded and may be slowed by cold attacks.
You are weak. (Str -2)
You expend magic power (3 MP) to strengthen your wands.


Message History

You hit the phantom but do no damage.
Your tail-slap misses the phantom.
The phantom is moderately damaged.
The phantom hits you but does no damage.
You barely miss the phantom.
You tail-slap the phantom, but do no damage.
The phantom is moderately damaged.
The phantom completely misses you.
You hit the phantom but do no damage.
The phantom is moderately damaged.
The phantom barely misses you.
You closely miss the phantom.
Your tail-slap misses the phantom.
The phantom is moderately damaged.
The phantom hits you but does no damage.
You closely miss the phantom.
The phantom is moderately damaged.
The phantom hits you.
The phantom blinks!
You blink.
The phantom hits you.
The phantom blinks!
You blink.
You closely miss the phantom.
The phantom is moderately damaged.
The phantom hits you.
* * * LOW HITPOINT WARNING * * *
The phantom blinks!
You blink.
You closely miss the phantom.
The phantom is moderately damaged.
The phantom closely misses you.
You hit the phantom but do no damage.
The phantom is moderately damaged.
The phantom closely misses you.
You barely miss the phantom.
The phantom is moderately damaged.
The phantom hits you.
* * * LOW HITPOINT WARNING * * *
You barely miss the phantom.
The phantom is moderately damaged.
The phantom hits you but does no damage.
The phantom hits you.
* * * LOW HITPOINT WARNING * * *
The phantom blinks!
You blink.
The phantom hits you.
You die...

#.####....#....# #####
#........#.#...# #....
#########.#####(#._.#.##
#.... ............#
#..#.#..# #....
#########.#.###...#...#
#....
........#>............#
#....
.######.#####.....#.###
#.### .#....#.#
#.......# #.###
.#......#
###.@W###########....
.##...###
#..................
.####.###
#...#)##..#####.... .#
#...#
#...#).#..#...##### .#
###.#
#...#..#..#(..').#. .#
###'####
#...####..#'###..#) .#
#......#
#.............####) .#
#......#
#...........⌠...... ##
#......#
#.....##'##........


You could see a phantom.

Vanquished Creatures
  A jelly (D:4)
  2 orc priests
  A bullfrog skeleton (D:4)
  3 iguanas
  An orc wizard (D:4)
  4 adders
  A worm (D:2)
  2 dart slugs
  12 orcs
  4 ball pythons
  8 endoplasms
  A giant cockroach (D:3)
  12 goblins
  14 hobgoblins
  5 jackals
  7 bats
  3 frilled lizards
  11 kobolds
  5 rats
97 creatures vanquished.

Vanquished Creatures (others)
  4 plants (D:3)
4 creatures vanquished.

Grand Total: 101 creatures vanquished

Notes
Turn   | Place    | Note
-------+----------+-------------------------------------------
     0 | D:1      | BOMJPIETVODKU the Draconian Ice Elementalist began the
                  | quest for the Orb.
     0 | D:1      | Reached XP level 1. HP: 14/14 MP: 3/3
   120 | D:1      | Reached XP level 2. HP: 15/20 MP: 0/5
   537 | D:1      | Found a faded altar of an unknown god.
   910 | D:1      | Reached XP level 3. HP: 26/26 MP: 6/6
  1906 | D:2      | Reached XP level 4. HP: 31/34 MP: 6/8
  2278 | D:2      | You fall into a shaft and drop 1 floor!
  2391 | D:3      | HP: 1/51 [orc (6)]
  2396 | D:3      | HP: 1/51 [orc priest (3)]
  2825 | D:3      | Reached XP level 5. HP: 39/39 MP: 5/10
  2915 | D:3      | Found Xushrauh's Antique Weapon Shoppe.
  3033 | D:3      | Found a hazy altar of Hepliaklqana.
  3194 | D:3      | Found an iron altar of Okawaru.
  3281 | D:3      | Found a sparkling altar of Nemelex Xobeh.
  3384 | D:3      | Learned a level 3 spell: Ozocubu's Armour
  3388 | D:3      | Learned a level 3 spell: Frozen Ramparts
  3964 | D:4      | Found a radiant altar of Vehumet.
  3973 | D:4      | Reached skill level 5 in Ice Magic
  4224 | D:4      | Reached XP level 6. HP: 29/46 MP: 3/13
  4238 | D:4      | Reached skill level 1 in Fighting
  4238 | D:4      | Reached skill level 5 in Spellcasting
  4474 | D:4      | Gained mutation: You expend magic power (3 MP) to
                  | strengthen your wands. [potion of mutation]
  4474 | D:4      | Gained mutation: You are weak. (Str -2) [potion of
                  | mutation]
  5107 | D:3      | HP: 2/47 [phantom (6)]
  5135 | D:3      | Slain by a phantom

Illustrated notes

Levels and vault maps discovered:
D:1:      dpeg_arrival_lava_temple_mockup, layout_loops_ring,
          shapermc_ecumenical_altar_notcrosses
D:2:      layout_basic, minmay_mini_jars
D:3:      corexii_shack_village, layout_basic,
          mainiacjoe_overflow_surrounded_room, mainiacjoe_overflow_boulevard,
          okawaru_metal_pillars_3, serial_shops, nicolae_shop_window_shopping
D:4:      cheibrodos_helix_gallery, layout_loops_corners,
          yredelemnul_forgotten_temple_becter, vehumet_crystals

Skill      XL: |  1  2  3  4  5  6 |
---------------+-------------------+-----
Spellcasting   | 3 4 5 |  5.2
Ice Magic      | 5 |  5.4
Fighting       | 1 |  1.0
Maces & Flails | |  0.6
Dodging        | |  1.8
Stealth        | |  1.7

Action                   |  1- 3 |  4- 6 || total
-------------------------+-------+-------++-------
Melee: Club              |    24 |       ||    24
       Tailslap          |    15 |    14 ||    29
       Unarmed           |     1 |       ||     1
       Dagger            |    90 |   136 ||   226
 Cast: Freeze            |    32 |    56 ||    88
       Ozocubu's Armour  |       |    12 ||    12
       Frozen Ramparts   |       |    19 ||    19
  Use: Potion            |       |     5 ||     5
       Scroll            |       |     3 ||     3
 Stab: Sleeping          |     3 |     4 ||     7
Armor: Skin              |    38 |    70 ||   108
Dodge: Dodged            |   100 |   106 ||   206
